 Dungeon Crawl Stone Soup version 0.20-a0-848-g73d9be0 (webtiles) character file.

35 Alarkh the Skirmisher (level 3, 29/29 HPs)
             Began as a Demonspawn Fighter on Mar 9, 2017.
             Quit the game on level 2 of the Dungeon.
             The game lasted 00:00:46 (909 turns).

Alarkh the Skirmisher (Demonspawn Fighter)           Turns: 909, Time: 00:00:46

Health: 29/29      AC:  7    Str: 16    XL:     3   Next: 17%
Magic:  3/3        EV:  7    Int: 10    God:
Gold:   31         SH:  8    Dex: 12    Spells: 2/2 levels left

rFire    + . .     SeeInvis .   a - +0 long sword
rCold    + . .     Gourm    .   b - +0 scale mail
rNeg     . . .     Faith    .   c - +0 shield
rPois    .         Spirit   .   (helmet restricted)
rElec    .         Reflect  .   (no cloak)
rCorr    .         Harm     .   (no gloves)
MR       .....                  (no boots)
Stlth    ..........             (no amulet)
Regen    0.1/turn               k - ring of protection from cold
MPRegen  0.1/turn               j - +1 ring of protection

@: no status effects
A: antennae 1, fire resistance 1
a: no special abilities


You were on level 2 of the Dungeon.
You were not hungry.

You visited 1 branch of the dungeon, and saw 2 of its levels.

You collected 31 gold pieces.

Inventory:

Hand Weapons
 a - a +0 long sword (weapon)
Armour
 b - a +0 scale mail (worn)
 c - a +0 shield (worn)
Jewellery
 j - a +1 ring of protection (left hand)
 k - a ring of protection from cold (right hand)
Scrolls
 m - a scroll of immolation {unknown}
Potions
 d - 2 potions of might
 e - a potion of curing {unknown}
 h - a potion of resistance {unknown}
 n - a potion of brilliance {unknown}
Comestibles
 f - 2 bread rations
 g - 2 meat rations
 i - 3 chunks of flesh
 l - 2 royal jellies
 o - 4 fruits


   Skills:
 + Level 3.2 Fighting
 * Level 2.4 Long Blades
 + Level 2.9 Armour
 + Level 0.8 Dodging
 + Level 2.9 Shields


You had 2 spell levels left.
You didn't know any spells.

Dungeon Overview and Level Annotations

Branches:
Dungeon (2/15)

Altars:


Innate Abilities, Weirdness & Mutations

You have a pair of small antennae on your head.
Your flesh is heat resistant. (rF+)


Message History

l - 2 royal jellies (gained 1)
You see here a dagger.
Found a chain mail.
An adder comes into view.
An adder is nearby!
An adder is nearby!
You hit the adder.
The adder is lightly wounded.
The adder bites you but does no damage. The adder completely misses you.
Some of the chunks of flesh in your inventory have rotted away.
You slash the adder!
You kill the adder!
You have reached level 3!
Your experience leads to an increase in your attributes!
Increase (S)trength, (I)ntelligence, or (D)exterity?
You feel clever.
Your demonic ancestry asserts itself...
A pair of antennae grows on your head!
i - 3 chunks of flesh (gained 2)
Found an escape hatch in the ceiling.
Are you sure you want to abandon this character and quit the game? (Confirm with "yes".)

#. #.# #.#####.#
#.##..[.##########
#.##..............
#.##...#########..
#.##...##### #..
#######..........#####.)
.......................)
###...@########.#####..
.....$..................
####....########.#####..
#....# .#####.# #.....
#.....<.. #....#
######### .....< #<..
...###. ####


There were no monsters in sight!

Vanquished Creatures
  An adder (D:2)
  2 ball pythons (D:1)
  5 bats (D:1)
  3 giant cockroaches (D:1)
  2 goblins
  5 hobgoblins (D:1)
  2 jackals (D:1)
  3 frilled lizards (D:1)
23 creatures vanquished.

Notes
Turn   | Place    | Note
-------+----------+-------------------------------------------
     0 | D:1      | Alarkh the Demonspawn Fighter began the quest for the Orb.
     0 | D:1      | Reached XP level 1. HP: 18/18 MP: 1/1
   209 | D:1      | Gained mutation: Your flesh is heat resistant. (rF+) [demonic ancestry]
   209 | D:1      | Reached XP level 2. HP: 24/24 MP: 2/2
   897 | D:2      | Gained mutation: You have a pair of small antennae on your head. [demonic ancestry]
   897 | D:2      | Reached XP level 3. HP: 29/29 MP: 3/3
   909 | D:2      | Quit the game

Vault maps used:
D:1:      dpeg_arrival_stone_temple_mockup
D:2:      lemuel_coloured_pillars_altar, minmay_strange_pillars

Skill      XL: |  1 |
---------------+----+-----
Long Blades    | 2 |  2.4
Fighting       | |  3.2
Armour         | |  2.9
Dodging        | |  0.8
Shields        | |  2.9

Action                   || total
-------------------------++-------
Melee: Long sword        ||    80
Armor: Scale mail        ||    41
Dodge: Dodged            ||    26
Block: Shield            ||    41
       Rpst.: Long sword ||    10
